 Dungeon Crawl Stone Soup version 0.26.1-11-gd32895ea62 (webtiles) character file.

Game seed: 2444399151946144071

13703 buriedalive the Frost Mage (level 12, -7/54 HPs)
             Began as a Gargoyle Ice Elementalist on July 14, 2021.
             Was a Priest of Ashenzari.
             Killed from afar by a salamander mystic (36 damage)
             ... with a bolt of magma
             ... in a volcano.
             The game lasted 00:35:06 (18690 turns).

buriedalive the Frost Mage (GrIE)                  Turns: 18690, Time: 00:35:07

Health: -7/54      AC: 27    Str: 18    XL:     12   Next: 8%
Magic:  19/24      EV: 18    Int: 21    God:    Ashenzari [***...]
Gold:   897        SH:  0    Dex: 10    Spells: 4/15 levels left

rFire    . . .     SeeInvis +   y - +5 rapier of Floods {speed, *Noise rElec rN++} (curse)
rCold    + . .     Faith    .   (no shield)
rNeg     + + +     Spirit   .   P - +0 robe {rC+}
rPois    ∞         Reflect  .   G - +0 helmet (curse)
rElec    +         Harm     .   O - +2 cloak {Will+} (curse)
rCorr    .         Rampage  .   w - +2 pair of gloves (curse)
Will     +....                  (no boots)
Stlth    ++........             (no amulet)
HPRegen  0.18/turn              L - ring of magical power (curse)
MPRegen  0.19/turn              N - +6 ring of strength (curse)

@: icy armour, frozen ramparts
A: frail 1, negative energy resistance 1, sense surroundings 1, electricity
resistance, unbreathing, petrification resistance, miasma immunity, MP-powered
wands, AC +8
a: Renounce Religion, Curse Item, Scrying


You were in a volcano.
You worshipped Ashenzari.
Ashenzari was most pleased with you.
You visited 3 branches of the dungeon, and saw 14 of its levels.
You also visited: Sewer and Volcano.

You collected 897 gold pieces.

Inventory:

Hand Weapons
 b - a +3 dagger of venom
 c - a +0 mace
 i - a cursed -2 quick blade
 q - a +2 short sword of flaming
 y - the cursed +5 rapier of Floods (weapon) {speed, *Noise rElec rN++}
   (You found it on level 12 of the Dungeon)

   Attacks with this weapon are significantly faster.
   It insulates you from electricity.
   It greatly protects you from negative energy.
   It may make noises in combat.
   It has a curse placed upon it.
 F - a +4 morningstar of freezing
 J - the +6 falchion of Hairy Punishment {venom, Dex+5}
   (You found it on level 9 of the Dungeon)

   It poisons the flesh of those it strikes.
   It affects your dexterity (+5).
Missiles
 h - 218 stones
 k - 64 poisoned darts
 t - 14 curare-tipped darts
 H - 7 throwing nets
 I - 4 datura-tipped darts
Armour
 a - a +1 robe
 w - a cursed +2 pair of gloves (worn)
 G - a cursed +0 helmet (worn)
 O - a cursed +2 cloak of willpower (worn)
 P - a +0 robe of cold resistance (worn)
Jewellery
 A - an uncursed ring of flight
 L - a cursed ring of magical power (left hand)
 N - a cursed +6 ring of strength (right hand)
Wands
 e - a wand of iceblast (6)
 m - a wand of paralysis (6)
 r - a wand of random effects (28)
 E - a wand of polymorph (6)
 Q - a wand of acid (9)
Scrolls
 g - 6 scrolls of teleportation
 n - 5 scrolls of blinking
 u - 5 scrolls of magic mapping
 z - 2 scrolls of fear
 B - 2 scrolls of identify
 K - a scroll of enchant weapon
 R - a scroll of fog
Potions
 d - 2 potions of attraction
 f - 2 potions of lignification
 j - 3 potions of brilliance
 l - a potion of cancellation
 o - a potion of resistance
 p - 3 potions of magic
 s - 3 potions of flight
 v - 2 potions of might
 x - 4 potions of curing
 C - a potion of haste
 D - 3 potions of ambrosia
 M - 2 potions of heal wounds
 S - a potion of berserk rage


   Skills:
 + Level 1.6 Fighting
 - Level 11.3(13.0) Dodging
 - Level 2.1(3.6) Stealth
 - Level 2.0 Spellcasting
 + Level 1.2(2.4) Summonings
 - Level 13.5(15.1) Ice Magic


You had 4 spell levels left.
You knew the following spells:

 Your Spells              Type           Power        Failure   Level
a - Freeze                Ice            100%         1%          1
b - Frozen Ramparts       Ice            100%         1%          3
c - Ozocubu's Armour      Ice            60%          1%          3
d - Summon Ice Beast      Ice/Summ       39%          4%          4

Your spell library contained the following spells:

 Spells                   Type           Power        Failure   Level
 Summon Small Mammal      Summ           48%          5%          1
 Hailstorm                Conj/Ice       34%          6%          4
 Animate Skeleton         Necr           6%           14%         1
 Apportation              Tloc           6%           14%         1
 Corona                   Hex            3%           14%         1
 Pain                     Necr           12%          14%         1
 Poisonous Vapours        Pois/Air       6%           21%         2
 Vampiric Draining        Necr           1%           38%         3
 Animate Dead             Necr           1%           80%         4
 Agony                    Necr           3%           98%         5


Dungeon Overview and Level Annotations

Branches:
Dungeon (12/15)            Temple (1/1) D:4            Lair (1/6) D:8
    Orc (0/2) D:10          Sewer (visited)         Volcano (1/1)

Altars:
Ashenzari
Cheibriados
Dithmenos
Elyvilon
Fedhas
Gozag
Hepliaklqana
Kikubaaqudgha
Makhleb
Nemelex Xobeh
Okawaru
Qazlal
Ru
Sif Muna
Trog
Uskayaw
Vehumet
Wu Jian
Xom
Yredelemnul
Zin
The Shining One

Shops:
D:10 (

Annotations:
D:5 2 transporters, bigjeff5's ghost, novice GnTm


Innate Abilities, Weirdness & Mutations

You are resistant to torment.
Your stone body is resilient. (AC +8)
You are immune to poison.
You resist negative energy. (rN+)
You are resistant to electric shocks. (rElec)
You can survive without breathing.
You are immune to petrification.
You are immune to miasma.
You are frail. (-10% HP)
You passively map a small area around you.
You expend magic power (3 MP) to strengthen your wands.


Message History

You hit the salamander mystic.
The salamander mystic is moderately wounded.
Unknown command.
You barely miss the salamander mystic.
The salamander mystic is moderately wounded.
The salamander mystic is frozen!
The wall freezes the salamander mystic!
The salamander mystic hits you but does no damage.
You hit the salamander mystic.
Your rapier of Floods shouts out instructions!
The salamander mystic is severely wounded.
The salamander mystic is frozen!
The wall freezes the salamander mystic.
The salamander mystic points at you and mumbles some strange words.
The lance of force hits you but does no damage.
You hit the salamander mystic but do no damage.
The salamander mystic is severely wounded.
The salamander mystic is frozen!
The wall freezes the salamander mystic.
The salamander mystic gestures at you while chanting.
The bolt of magma hits you!!!
Ouch! That really hurt!
You die...

#≈§§§8...8§≈≈§≈
###§§§....≈§§≈≈
#§≈§....≈≈≈##
##≈8...8§≈§#
##.....####
#.....# #8...8#
#N....# #@....#
#8...8# #.....#
#.....# #8...8#
#.....# #.....#
#8.∩.8# ##§§§##


You could see a salamander mystic.

Vanquished Creatures
  Josephine (D:11)
  Harold (D:9)
  A two-headed ogre (D:11)
  A cyclops (D:12)
  A manticore (D:11)
  An elephant (D:8)
  4 gargoyles (D:11)
  4 trolls
  A shadow (D:12)
  5 wraiths
  A wyvern (D:8)
  9 yaks
  A basilisk (D:8)
  2 water moccasins (Lair:1)
  2 sky beasts
  3 ice beasts
  A necrophage (D:12)
  4 orc warriors
  3 phantoms
  A black bear (D:8)
  7 ogres
  2 centaurs
  2 big kobolds
  4 bullfrogs
  6 scorpions
  A water moccasin skeleton (D:8)
  13 killer bees
  7 wights
  3 howler monkeys (D:11)
  4 jellies
  4 quasits
  A centaur zombie (D:10)
  6 orc priests
  4 hounds
  12 orc wizards
  4 centaur skeletons
  3 iguanas
  9 worker ants
  2 big kobold zombies (Sewer)
  A hound zombie (D:9)
  A hound skeleton (D:7)
  A howler monkey zombie (D:5)
  3 gnolls (D:4)
  12 adders
  2 river rats (D:5)
  A shadow imp (D:6)
  A white imp (D:7)
  2 oozes (Sewer)
  2 ufetubi (Sewer)
  3 adder skeletons
  2 worms
  2 leopard geckos
  34 orcs
  6 bats
  4 bat skeletons (D:5)
  3 bat zombies
  9 giant cockroaches
  8 goblins
  8 hobgoblins
  12 jackals
  4 quokkas
  A ball python (Sewer)
  6 frilled lizards
  31 kobolds
  14 rats
314 creatures vanquished.

Vanquished Creatures (others)
  Grinder (Sewer)
  An ooze (Sewer)
  15 fungi (D:6)
17 creatures vanquished.

Grand Total: 331 creatures vanquished

Notes
Turn   | Place    | Note
-------+----------+-------------------------------------------
     0 | D:1      | buriedalive the Gargoyle Ice Elementalist began the quest
                  | for the Orb.
     0 | D:1      | Reached XP level 1. HP: 10/10 MP: 3/3
   412 | D:1      | Reached XP level 2. HP: 11/15 MP: 1/5
  1153 | D:1      | Reached XP level 3. HP: 19/19 MP: 4/6
  1746 | D:2      | Found a blossoming altar of Fedhas.
  1896 | D:2      | Reached XP level 4. HP: 21/24 MP: 1/7
  3151 | D:3      | Reached skill level 5 in Ice Magic
  3889 | D:3      | Learned a level 3 spell: Frozen Ramparts
  3893 | D:3      | Learned a level 3 spell: Ozocubu's Armour
  3932 | D:4      | Reached XP level 5. HP: 28/28 MP: 5/8
  4420 | D:4      | Noticed an ogre
  4434 | D:4      | Killed an ogre
  4435 | D:4      | Reached skill level 6 in Ice Magic
  4435 | D:4      | Reached XP level 6. HP: 21/32 MP: 4/9
  4764 | D:4      | Reached XP level 7. HP: 35/36 MP: 1/10
  5123 | D:4      | Found a stormy altar of Qazlal.
  5342 | D:3      | Reached skill level 5 in Dodging
  5342 | D:3      | Reached skill level 7 in Ice Magic
  6090 | D:4      | Found a staircase to the Ecumenical Temple.
  6287 | Temple   | Entered the Ecumenical Temple
  6590 | Temple   | Became a worshipper of Ashenzari the Shackled
  6657 | D:5      | Entered Level 5 of the Dungeon
  6674 | D:5      | Found a shimmering altar of Xom.
  6674 | D:5      | Found a shimmering altar of Xom.
  6682 | D:5      | Reached XP level 8. HP: 35/41 MP: 5/11
  6729 | D:5      | Found a shimmering altar of Xom.
  6729 | D:5      | Found a shimmering altar of Xom.
  6729 | D:5      | Found a shimmering altar of Xom.
  6733 | D:5      | Found a shimmering altar of Xom.
  6733 | D:5      | Found a shimmering altar of Xom.
  6876 | D:5      | Found a hide-covered altar of Uskayaw.
  6876 | D:5      | Found an ornate altar of the Wu Jian Council.
  7169 | D:5      | Found a transporter.
  7170 | D:5      | Found a transporter.
  7170 | D:5      | Noticed bigjeff5's ghost (novice GnTm)
  7321 | D:5      | Found a glowing drain.
  7325 | Sewer    | Entered a sewer
  7508 | Sewer    | Reached skill level 8 in Ice Magic
  7685 | Sewer    | Found a burning altar of Makhleb.
  7920 | Sewer    | Noticed Grinder
  7932 | Sewer    | Paralysed by Grinder for 3 turns
  7944 | Sewer    | Killed Grinder
  8495 | D:5      | Found an ancient bone altar of Kikubaaqudgha.
  9083 | D:6      | Reached XP level 9. HP: 39/45 MP: 12/12
  9192 | D:6      | Reached skill level 9 in Ice Magic
  9701 | D:6      | Reached * piety under Ashenzari
 11100 | D:7      | Reached skill level 10 in Ice Magic
 11251 | D:7      | Found a bloodstained altar of Trog.
 11414 | D:7      | Found a shimmering blue altar of Sif Muna.
 11417 | D:7      | Identified Sif Muna's Handbook of Poison
 11928 | D:8      | Found a staircase to the Lair.
 11928 | D:8      | Noticed an elephant
 11929 | D:8      | Noticed a troll
 11967 | D:8      | Killed an elephant
 11968 | D:8      | Reached XP level 10. HP: 24/50 MP: 1/13
 12519 | D:8      | Found a shadowy altar of Dithmenos.
 12560 | D:8      | Reached skill level 11 in Ice Magic
 13799 | D:9      | Got the falchion of Hairy Punishment {venom, Dex+5}
 13800 | D:9      | Identified the +6 falchion of Hairy Punishment {venom,
                  | Dex+5} (You found it on level 9 of the Dungeon)
 13959 | D:9      | Noticed Harold
 13982 | D:9      | Killed Harold
 14579 | D:10     | Entered Level 10 of the Dungeon
 14856 | D:10     | Reached skill level 12 in Ice Magic
 14857 | D:10     | Reached XP level 11. HP: 42/54 MP: 14/14
 14859 | D:10     | Reached skill level 10 in Dodging
 15200 | D:10     | Found a staircase to the Orcish Mines.
 15231 | D:10     | Found Zeneocyu's Weapon Boutique.
 15232 | D:10     | Reached ** piety under Ashenzari
 15779 | D:10     | Gained mutation: You are frail. (-10% HP) [potion of
                  | mutation]
 15779 | D:10     | Gained mutation: You expend magic power (3 MP) to
                  | strengthen your wands. [potion of mutation]
 15779 | D:10     | Gained mutation: You passively map a small area around you.
                  | [potion of mutation]
 16155 | D:11     | Noticed a two-headed ogre
 16165 | D:11     | Noticed Josephine
 16169 | D:11     | Killed a two-headed ogre
 16190 | D:11     | Killed Josephine
 16191 | D:11     | Reached skill level 13 in Ice Magic
 16317 | D:11     | Noticed a manticore
 16325 | D:11     | Killed a manticore
 17443 | D:12     | Identified the +5 rapier of Floods {speed, *Noise rElec
                  | rN++}
 17474 | D:12     | Found a glowing golden altar of the Shining One.
 17608 | D:12     | Noticed a cyclops
 17613 | D:12     | Killed a cyclops
 17614 | D:12     | Reached XP level 12. HP: 25/53 MP: 15/15
 17661 | D:12     | Learned a level 4 spell: Summon Ice Beast
 17929 | D:12     | Noticed a death knight
 17947 | D:12     | Reached skill level 1 in Fighting
 18080 | Lair:1   | Entered Level 1 of the Lair of Beasts
 18225 | Lair:1   | Reached skill level 1 in Summonings
 18639 | Lair:1   | Found a dark tunnel.
 18650 | Volcano  | Entered a volcano
 18657 | Volcano  | Reached *** piety under Ashenzari
 18690 | Volcano  | Killed from afar by a salamander mystic

Illustrated notes

Levels and vault maps discovered:
D:1:      psy_arrival_fountain, layout_basic, minmay_3d_cube
D:2:      layout_basic, fedhas_altar_fruit_tree, minmay_ruptured
D:3:      layout_loops_ring
D:4:      layout_basic, kennysheep_mini_moat,
          minmay_temple_entry_drinking_statues, amcnicky_mini_corridor_feature,
          minivault_25
D:5:      layout_basic, kennysheep_vampire_church, nicolae_xom_altar_mimics,
          minitemple, lightli_sewer_entry_pipes, gammafunk_ghost_arena
D:6:      layout_basic, serial_aquarium, aquarium_bridge_square
          [aquarium_subvault_window, aquarium_subvault_bridge,
          aquarium_subvault_window, aquarium_subvault_balcony],
          aquarium_window_1, aquarium_window_fake, aquarium_window_1,
          aquarium_window_2, aquarium_view_2b, aquarium_balcony_3a,
          aquarium_pool_2
D:7:      layout_loops_ring, nzn_overflow_gifts_of_might_and_magic
D:8:      layout_loops_cross, nicolae_dithmenos_the_darkroom, david_lair_generic
D:9:      layout_loops_cross, uniq_harold
D:10:     layout_irregular_city, orc_david_3
D:11:     cheibrodos_statue_roulette, layout_basic, uniq_josephine
D:12:     layout_rooms, nzn_life_drinkers, uniq_fannar
Temple:   oiseaux_autumnal_temple
Lair:1:   layout_regular_city, enter_volcano_4
Volcano:  kennysheep_volcano_temple

Skill      XL: |  1  2  3  4  5  6  7  8  9 10 11 12 |
---------------+-------------------------------------+-----
Dodging        | 2 3 4 5 6 8 9 11 | 11.3
Ice Magic      | 5 6 7 8 10 12 13 | 13.5
Fighting       | 1 |  1.6
Summonings     | 1 |  1.2
Stealth        | |  2.1
Spellcasting   | |  2.0

Action                   |  1- 3 |  4- 6 |  7- 9 | 10-12 || total
-------------------------+-------+-------+-------+-------++-------
Melee: Unarmed           |    11 |       |       |       ||    11
       Mace              |    69 |    47 |       |       ||   116
       Short sword       |       |    43 |   168 |   118 ||   329
       Dagger            |       |       |   400 |       ||   400
       Morningstar       |       |       |    33 |       ||    33
       Falchion          |       |       |       |   161 ||   161
       Rapier            |       |       |       |    56 ||    56
 Cast: Freeze            |    39 |    48 |    18 |    12 ||   117
       Frozen Ramparts   |       |     4 |    44 |    47 ||    95
       Ozocubu's Armour  |       |     1 |    16 |    12 ||    29
Invok: Curse Item        |       |       |       |     8 ||     8
Evoke: Wand              |       |       |     4 |     3 ||     7
  Use: Scroll            |       |       |    19 |    10 ||    29
       Potion            |       |       |     4 |     3 ||     7
 Stab: Sleeping          |       |     1 |     1 |     7 ||     9
Armor: Robe              |    59 |    47 |   350 |   108 ||   564
Dodge: Dodged            |   106 |    79 |   594 |   322 ||  1101
       Rpst.: Falchion   |       |       |       |    53 ||    53
